 Dungeon Crawl Stone Soup version 0.28.0-49-g6dfe1f597d (webtiles) character file.

Game seed: 16094595472437774182

72 Zeld the Conjurer (level 4, 0/36 HPs)
             Began as a Draconian Conjurer on May 16, 2022.
             Succumbed to a goblin's poison
             ... on level 3 of the Dungeon.
             The game lasted 00:03:53 (2994 turns).

Zeld the Conjurer (Draconian Conjurer)              Turns: 2994, Time: 00:03:54

Health: 0/36       AC:  5    Str:  9    XL:     4   Next: 6%
Magic:  7/7        EV: 12    Int: 20    God:
Gold:   61         SH:  0    Dex: 10    Spells: 5/8 levels left

rFire   . . .      SeeInvis .   a - +0 dagger (venom)
rCold   . . .      Faith    .   (no shield)
rNeg    . . .      Spirit   .   (armour unavailable)
rPois   .          Reflect  .   (helmet restricted)
rElec   .          Harm     .   (no cloak)
rCorr   .          Rampage  .   (no gloves)
Will    .....                   (no boots)
Stlth   ++........              d - amulet of magic regeneration
HPRegen 0.12/turn               (no ring)
MPRegen 0.50/turn               (no ring)

@: lethally poisoned (0 -> -4)
A: AC +5, unfitting armour, cold-blooded
a: no special abilities


You were on level 3 of the Dungeon.
You visited 1 branch of the dungeon, and saw 3 of its levels.

You collected 61 gold pieces.

Inventory:

Hand Weapons
 a - a +0 dagger of venom (weapon)
 j - a +0 demon whip of flaming
Jewellery
 d - an amulet of magic regeneration (around neck)
Scrolls
 c - 2 scrolls of blinking {unknown}
 h - 3 scrolls of identify {unknown}
 k - a scroll of teleportation {unknown}
 l - a scroll of immolation {unknown}
Potions
 b - a potion of might {unknown}
 e - a potion of curing {unknown}
 f - a potion of heal wounds {unknown}
 g - a potion of flight {unknown}
 i - a potion of ambrosia {unknown}


   Skills:
 * Level 1.7 Fighting
 + Level 2.2 Dodging
 + Level 2.0 Stealth
 * Level 2.6 Spellcasting
 * Level 4.5 Conjurations


You had 5 spell levels left.
You knew the following spells:

 Your Spells              Type           Power      Damage    Failure   Level
a - Magic Dart            Conj           80%        1d7       2%          1
b - Searing Ray           Conj           40%        2d5       3%          2

Your spell library contained the following spells:

 Spells                   Type           Power      Damage    Failure   Level
 Dazzling Flash           Conj/Hex       22%        N/A       19%         3
 Fulminant Prism          Conj/Hex       5%         3d7       52%         4
 Iskenderun's Mystic Bla  Conj/Tloc      11%        2d4       52%         4


Dungeon Overview and Level Annotations

Branches:
Dungeon (3/15)

Altars:


Innate Abilities, Weirdness & Mutations

Your plain brown scales are hard. (AC +5)
You cannot fit into any form of body armour.
You are cold-blooded and may be slowed by cold attacks.


Message History

You closely miss the goblin.
The goblin hits you with a +1 dagger of venom.
You are poisoned.
The goblin hits you with a +0 club.
You hit the goblin.
The goblin is poisoned.
The goblin is moderately wounded.
You feel sick.
You kill the goblin!
The goblin hits you but does no damage.
You are more poisoned.
You closely miss the goblin.
You feel very sick. The goblin closely misses you.
You closely miss the goblin.
You feel sick. The goblin barely misses you.
You barely miss the goblin.
You feel sick. The goblin closely misses you.
You hit the goblin but do no damage.
The goblin is poisoned.
You feel sick.
The goblin hits you with a +1 dagger of venom.
You are lethally poisoned!
You are too injured to fight recklessly!
You hit the goblin.
The goblin looks even sicker.
The goblin is heavily wounded.
You feel very sick.
The goblin hits you with a +1 dagger of venom.
* * * LOW HITPOINT WARNING * * *
You feel very sick.
You kill the goblin!
Items here: )) ††.
* * * LOW HITPOINT WARNING * * *
You feel very sick.
Unknown command.
Okay, then.
* * * LOW HITPOINT WARNING * * *
You feel sick.
* * * LOW HITPOINT WARNING * * *
You feel sick.
* * * LOW HITPOINT WARNING * * *
You feel sick.
* * * LOW HITPOINT WARNING * * *
You feel sick.
You die...

......## g#g#### g#g#
.#.# .#.# .#.#####
....g..#######
...###.......############
.#####.#...#....@.)<)...#
..#...........#########.#
#.#.##.#...#.## ####.####
..#.....>.##.# #.......#
.............# #.##.##.#
###..####.#### #.......#
#.......#.########
#.##.##.#
#.#..##...(......#
#.##.##.#
#.##.##.#........#
#.##.##.#


There were no monsters in sight!

Vanquished Creatures
  3 adders
  A dart slug (D:1)
  4 endoplasms
  2 giant cockroaches (D:1)
  9 goblins
  4 hobgoblins
  2 jackals (D:1)
  4 kobolds
  3 ball pythons
  2 bats
  2 frilled lizards
  4 rats
40 creatures vanquished.

Notes
Turn   | Place    | Note
-------+----------+-------------------------------------------
     0 | D:1      | Zeld the Draconian Conjurer began the quest for the Orb.
     0 | D:1      | Reached XP level 1. HP: 14/14 MP: 3/3
   530 | D:1      | Reached XP level 2. HP: 21/22 MP: 5/5
   533 | D:1      | Learned a level 2 spell: Searing Ray
   865 | D:2      | Reached skill level 1 in Fighting
  1260 | D:2      | Reached XP level 3. HP: 26/28 MP: 6/6
  1485 | D:2      | Found a faded altar of an unknown god.
  2734 | D:2      | Reached XP level 4. HP: 7/36 MP: 7/7
  2993 | D:3      | HP: 1/36 [poisoned by a goblin]
  2994 | D:3      | Succumbed to a goblin's poison

Illustrated notes

Levels and vault maps discovered:
D:1:      mushboom_english_gardens, layout_rooms
D:2:      layout_loops_ring, basic_ecumenical_altar, nicolae_figureground_pulse
D:3:      kennysheep_the_goblin_king, layout_loops_cross

Skill      XL: |  1  2 |
---------------+-------+-----
Fighting       | 1 |  1.7
Stealth        | 2 |  2.0
Dodging        | 2 |  2.2
Spellcasting   | |  2.6
Conjurations   | |  4.5

Action                   |  1- 3 |  4- 6 || total
-------------------------+-------+-------++-------
Melee: Dagger            |   124 |    11 ||   135
       Tailslap          |    17 |       ||    17
       Punch             |     1 |       ||     1
 Cast: Magic Dart        |     1 |       ||     1
 Stab: Sleeping          |     2 |       ||     2
Armor: Skin              |    43 |     4 ||    47
Dodge: Dodged            |    68 |     7 ||    75
